 Seeded DCSS version 0.29.1-2-gbd0b4ee654 (webtiles) character file.

Game seed: 4372347837358828098 (custom seed)

2 gzilladon the Shield-Bearer (level 1, 18/23 HPs)
             Began as a Gnoll Fighter on Nov 9, 2022.
             Was a Believer of Lugonu.
             Quit the game on level 1 of the Dungeon.
             The game lasted 00:00:27 (73 turns).

gzilladon the Shield-Bearer (Gnoll Fighter)           Turns: 73, Time: 00:00:28

Health: 18/23      AC:  7    Str: 15    XL:     1   Next: 40%
Magic:  1/1        EV:  9    Int:  7    God:    Lugonu [**....]
Gold:   0          SH:  5    Dex: 11    Spells: 0/0 levels left

rFire   . . .      SeeInvis .   a - +0 war axe
rCold   . . .      Faith    .   c - +0 buckler
rNeg    . . .      Spirit   .   b - +0 scale mail
rPois   .          Reflect  .   (no helmet)
rElec   .          Harm     .   (no cloak)
rCorr   .          Rampage  .   (no gloves)
Will    .....                   (no boots)
Stlth   ..........              (no amulet)
HPRegen 0.07/turn               (no ring)
MPRegen 0.07/turn               (no ring)

@: no status effects
A: fangs 1, strong nose, distributed training
a: Renounce Religion, Depart the Abyss, Bend Space


You were on level 1 of the Dungeon.
You worshipped Lugonu.
Lugonu was pleased with you.
You visited 1 branch of the dungeon, and saw 1 of its levels.

Inventory:

Hand Weapons
 a - a +0 war axe (weapon)
Armour
 b - a +0 scale mail (worn)
 c - a +0 buckler (worn)
Potions
 d - a potion of might


   Skills:
 + Level 6.4 Fighting
 + Level 0.0 Short Blades
 + Level 0.0 Long Blades
 + Level 4.4 Axes
 + Level 0.0 Maces & Flails
 + Level 0.0 Polearms
 + Level 0.0 Staves
 + Level 0.0 Ranged Weapons
 + Level 0.0 Throwing
 + Level 6.4 Armour
 + Level 0.0 Dodging
 + Level 0.0 Stealth
 + Level 6.4 Shields
 + Level 0.0 Unarmed Combat
 + Level 0.0 Spellcasting
 + Level 0.0 Conjurations
 + Level 0.0 Hexes
 + Level 0.0 Summonings
 + Level 0.0 Necromancy
 + Level 0.0 Translocations
 + Level 0.0 Transmutations
 + Level 0.0 Fire Magic
 + Level 0.0 Ice Magic
 + Level 0.0 Air Magic
 + Level 0.0 Earth Magic
 + Level 0.0 Poison Magic
 + Level 0.1 Invocations
 + Level 0.0 Evocations


You couldn't memorise any spells.
You didn't know any spells.
Your spell library was empty.

Dungeon Overview and Level Annotations

Branches:
Dungeon (1/15)

Altars:
Lugonu


Innate Abilities, Weirdness & Mutations

You have very sharp teeth.
Your uncanny sense of smell can sniff out nearby items.
Your experience applies equally to all skills.


Message History

You barely miss the bat. You barely miss the ball python.
You block the bat's attack.
The ball python bites you but does no damage.
You block the ball python's attack.
The ball python bites you but does no damage.
The ball python grabs you. The ball python constricts you.
You miss the bat. You closely miss the ball python. The bat closely misses you.
The bat hits you but does no damage. You block the ball python's attack.
The ball python constricts you.
You miss the bat. You hit the ball python. The bat hits you but does no damage.
The ball python barely misses you. The ball python constricts you.
You block the bat's attack.
The ball python bites you but does no damage.
The ball python constricts you.
The ball python's grasp on you weakens, but your attempt to escape fails.
The bat barely misses you. The ball python bites you.
The ball python constricts you.
You escape the ball python's grasp.
The bat hits you. The bat attacks as you move away! You block the bat's attack.
The ball python attacks as you move away!
You block the ball python's attack. You block the bat's attack.
The bat hits you but does no damage.
The ball python bites you but does no damage.
You block the ball python's attack.
The ball python bites you but does no damage.
The ball python grabs you. The ball python constricts you.
You closely miss the ball python. You hit the bat.
You kill the bat!
The ball python bites you. The ball python constricts you.
You slash the ball python!
You kill the ball python!
You see here a ball python corpse.
Found a faded altar of an unknown god.
Found a leather armour.
There is a faded altar of an unknown god here.
You cannot tell which god this altar belongs to.
Convert to them anyway?
Lugonu accepts your prayer! Lugonu welcomes you!
You can now depart the Abyss.
You can now bend space around yourself.
Are you sure you want to abandon this character and quit the game? (Confirm with "yes".)

∆ #+# #.##### #.....#
##.###.# ♣♣♣♣♣♣♣♣
##...##.# ♣♣..8_8.♣♣
##.....#.#♣♣....@...♣
..........♣...♣.[.♣♣..♣
####.###.#♣.♣♣♣.⌠.♣ ♣.#
#.......♣♣ ♣...♣ #
#.####### ♣.♣.♣ #.#
..♣♣. #.# .♣♣ ♣. ... ♣.
.♣ ..#


There were no monsters in sight!

Vanquished Creatures
  A ball python (D:1)
  A bat (D:1)
2 creatures vanquished.

Notes
Turn   | Place    | Note
-------+----------+-------------------------------------------
     0 | D:1      | gzilladon the Gnoll Fighter began the quest for the Orb.
     0 | D:1      | Reached XP level 1. HP: 23/23 MP: 1/1
    60 | D:1      | Found a faded altar of an unknown god.
    71 | D:1      | Prayed at the altar of an unknown god.
    71 | D:1      | Became a worshipper of Lugonu the Unformed
    71 | D:1      | Reached * piety under Lugonu
    71 | D:1      | Reached ** piety under Lugonu
    73 | D:1      | Quit the game

Illustrated notes

Levels and vault maps discovered:
D:1:      dpeg_arrival_chambers_temple_mockup, layout_loops_corners,
          shapermc_ecumenical_altar_totnotflames, hex_tiny, minmay_heptomino_l4

Action                   || total
-------------------------++-------
Melee: War axe           ||     5
Armor: Scale mail        ||    16
Dodge: Dodged            ||    13
Block: Buckler           ||    11
